 Dungeon Crawl Stone Soup version 0.20.0 (webtiles) character file.

107 Llamajah the Shield-Bearer (level 5, 0/41 HPs)
             Began as a Formicid Fighter on July 24, 2017.
             Killed by nerve-wracking pain
             ... invoked by Grinder
              (14 damage)
             ... on level 3 of the Dungeon.
             The game lasted 00:03:39 (1132 turns).

Llamajah the Shield-Bearer (Formicid Fighter)       Turns: 1132, Time: 00:03:39

Health: 0/41       AC:  7    Str: 22    XL:     5   Next: 11%
Magic:  5/5        EV:  9    Int:  7    God:
Gold:   94         SH: 10    Dex: 10    Spells: 4/4 levels left

rFire    . . .     SeeInvis +   a - +0 war axe
rCold    . . .     Gourm    .   c - +0 shield
rNeg     . . .     Faith    .   b - +0 scale mail
rPois    .         Spirit   .   (helmet unavailable)
rElec    .         Reflect  .   (no cloak)
rCorr    .         Harm     .   (no gloves)
MR       .....                  (no boots)
Stlth    ..........             (no amulet)
Regen    0.2/turn               (no ring)
MPRegen  0.1/turn               (no ring)

@: no status effects
A: permanent stasis, dig shafts and tunnels, four strong arms, antennae 3
a: Dig, Shaft Self


You were on level 3 of the Dungeon.
You were not hungry.

You visited 1 branch of the dungeon, and saw 3 of its levels.

You collected 94 gold pieces.

Inventory:

Hand Weapons
 a - a +0 war axe (weapon)
Armour
 b - a +0 scale mail (worn)
 c - a +0 shield (worn)
Scrolls
 i - a scroll of teleportation {unknown}
Potions
 d - a potion of might
 e - a potion of curing {unknown}
 k - a potion of degeneration {unknown}
 l - 2 potions of ambrosia {unknown}
 m - a potion of heal wounds {unknown}
Comestibles
 f - a bread ration
 g - 7 chunks of flesh
 h - a royal jelly
 j - a meat ration


   Skills:
 + Level 3.6 Fighting
 + Level 2.4 Axes
 * Level 4.0 Armour
 * Level 1.8 Dodging
 * Level 4.6 Shields


You had 4 spell levels left.
You didn't know any spells.

Dungeon Overview and Level Annotations

Branches:
Dungeon (2/15)

Altars:
Kikubaaqudgha

Annotations:
D:3 Grinder


Innate Abilities, Weirdness & Mutations

You cannot be hasted, slowed, berserked, paralysed or teleported.
You can dig through walls and to a lower floor.
Your four strong arms can wield two-handed weapons with a shield.
You have a pair of large antennae on your head. (SInv)


Message History

Grinder hits you. Grinder hits you but does no damage.
You are too injured to fight recklessly!
You are too injured to fight recklessly!
You are too injured to fight recklessly!
You are too injured to fight recklessly!
You are too injured to fight recklessly!
You are too injured to fight recklessly!
Your shield and scale mail prevent you from hitting Grinder.
Grinder is lightly wounded.
Grinder barely misses you.
You closely miss Grinder.
Grinder is lightly wounded.
You block Grinder's attack.
You hit Grinder.
Grinder is moderately wounded.
Grinder blinks!
Grinder hits you.
You writhe in agony.
Grinder gestures at you. Pain shoots through your body!
You die...

#.....#... .###...
#.....#..# ..#.#.
#.....###. #.#..#
..#...#..#. #.#.. ###..
#.#...## ....#...#.
#...#.. #..#.....#
#..#... .#
#.........#####....
...###.@#.....#..#..#...
.#...?..5#...#...#...#..
..........###...#.#...##
######...#.(#..#...#..#.
#..#...###.....###.
#.....#..#.....#..#
#....#...#.....#...
#....[..#.#...#.#..
..........#...#.#...#.


You could see Grinder.

Vanquished Creatures
  Jessica (D:3)
  An adder (D:3)
  A worm (D:2)
  A dart slug (D:1)
  5 leopard geckos
  5 orcs (D:3)
  A ball python (D:2)
  2 bats
  2 giant cockroaches (D:1)
  5 goblins
  9 hobgoblins (D:1)
  6 jackals (D:1)
  3 kobolds
  2 quokkas (D:2)
  3 frilled lizards
  4 rats
51 creatures vanquished.

Notes
Turn   | Place    | Note
-------+----------+-------------------------------------------
     0 | D:1      | Llamajah the Formicid Fighter began the quest for the Orb.
     0 | D:1      | Reached XP level 1. HP: 18/18 MP: 1/1
    44 | D:1      | Reached XP level 2. HP: 18/24 MP: 2/2
   318 | D:1      | Reached skill level 1 in Dodging
   321 | D:1      | Reached XP level 3. HP: 29/29 MP: 3/3
   857 | D:2      | Reached XP level 4. HP: 32/35 MP: 4/4
   860 | D:2      | Found an ancient bone altar of Kikubaaqudgha.
  1023 | D:2      | You fall through a shaft!
  1115 | D:3      | Noticed Jessica
  1117 | D:3      | Noticed Grinder
  1119 | D:3      | Killed Jessica
  1119 | D:3      | Reached XP level 5. HP: 21/41 MP: 5/5
  1132 | D:3      | Killed from afar by Grinder

Skill      XL: |  1  2  3  4 |
---------------+-------------+-----
Shields        | 4 |  4.6
Dodging        | 1 |  1.8
Armour         | 4 |  4.0
Fighting       | |  3.6
Axes           | |  2.4

Action                   |  1- 3 |  4- 6 || total
-------------------------+-------+-------++-------
Melee: War axe           |   104 |    78 ||   182
  Eat: Chunk             |       |     1 ||     1
Armor: Scale mail        |    39 |    29 ||    68
Dodge: Dodged            |    38 |    24 ||    62
Block: Shield            |    54 |    44 ||    98
